[Event "ICC tourney 2198 (45 10)"]
[Site "Internet Chess Club"]
[Date "2020.12.12"]
[Round "5"]
[White "funplaychess"]
[Black "KittiesRock18"]
[Result "1-0"]
[ICCResult "Black resigns"]
[WhiteElo "2306"]
[BlackElo "1864"]
[Opening "QGD Slav: Krause attack"]
[ECO "D17"]
[NIC "SL.04"]
[Time "21:06:59"]
[PlyCount "119"]
[TimeControl "2700+10"]


1. d4 d5 2. c4 c6 3. Nf3 Nf6 4. Nc3 dxc4 5. a4 Bf5 6. Ne5 Nbd7 7. Nxc4 Nd5
8. Qb3 Nxc3 9. bxc3 Nb6 10. e3 e6 11. Nd2 Rb8 12. a5 Nd7 13. Be2 Nf6 14.
O-O Bd6 15. a6 bxa6 16. Qa4 Qc7 17. h3 Nd5 18. Qc4 Nb6 19. Qxa6 Nd5 20. e4
Nxc3 21. exf5 exf5 22. Bf3 O-O 23. Qxa7 Rfe8 24. Qxc7 Bxc7 25. Ra6 Rb6 26.
Rxb6 Bxb6 27. Bxc6 Rd8 28. Nf3 Ne2+ 29. Kh2 Nxd4 30. Nxd4 Bxd4 31. g3 Rc8
32. Bd7 Rc2 33. Kg2 g6 34. Ba4 Rc4 35. Bb5 Rc2 36. Bd3 Ra2 37. Bb1 Ra4 38.
Rd1 Kf8 39. Bc2 Ra2 40. Bh6+ Ke7 41. Rxd4 Rxc2 42. Rh4 Ke6 43. Ra4 Rc7 44.
Ra6+ Kd5 45. Bf4 Rb7 46. Rd6+ Kc4 47. h4 Kc5 48. Rd8 Kc4 49. Kf3 Rb3+ 50.
Be3 Rd3 51. Rxd3 Kxd3 52. Kf4 f6 53. Bb6 Ke2 54. f3 Kd3 55. Bd8 Kd4 56.
Bxf6+ Kd5 57. Kg5 h6+ 58. Kxg6 Ke6 59. Bb2 h5 60. Kxh5 { Black resigns }
1-0

[Event "ICC tourney 2198 (45 10)"]
[Site "Internet Chess Club"]
[Date "2020.12.12"]
[Round "5"]
[White "MrNormalName"]
[Black "KnightHopper"]
[Result "1-0"]
[ICCResult "Black resigns"]
[WhiteElo "2181"]
[BlackElo "2039"]
[Opening "QGD semi-Slav: Stoltz variation"]
[ECO "D45"]
[NIC "SL.08"]
[Time "21:07:26"]
[PlyCount "47"]
[TimeControl "2700+10"]


1. d4 d5 2. c4 c6 3. Nc3 Nf6 4. e3 e6 5. Nf3 Nbd7 6. Qc2 Bd6 7. Be2 dxc4 8.
Bxc4 b5 9. Be2 O-O 10. O-O Bb7 11. e4 e5 12. dxe5 Nxe5 13. Nd4 g6 14. Bg5
Be7 15. Rad1 Qc8 16. f4 Neg4 17. Bxg4 Nxg4 18. Bxe7 Ne3 19. Qf2 Nxd1 20.
Rxd1 Re8 21. Qh4 Qc7 22. Bf6 h5 23. Qg5 Kh7 24. Nf5 { Black resigns } 1-0

[Event "ICC tourney 2198 (45 10)"]
[Site "Internet Chess Club"]
[Date "2020.12.12"]
[Round "5"]
[White "tirantes"]
[Black "AlexW2007"]
[Result "1-0"]
[ICCResult "Black resigns"]
[WhiteElo "2435"]
[BlackElo "2107"]
[Opening "English: Anglo-Grünfeld, Smyslov defense"]
[ECO "A16"]
[NIC "EO.53"]
[Time "21:06:37"]
[PlyCount "67"]
[TimeControl "2700+10"]


1. c4 Nf6 2. Nc3 d5 3. cxd5 Nxd5 4. g3 g6 5. Bg2 Nxc3 6. bxc3 Bg7 7. Nf3
O-O 8. O-O c5 9. Rb1 Nc6 10. Qa4 Qc7 11. Qh4 b6 12. d3 Bb7 13. Bh6 Bxh6 14.
Qxh6 f6 15. c4 e5 16. Rfe1 Nd4 17. Nxd4 cxd4 18. Bxb7 Qxb7 19. Qd2 Rfc8 20.
Rb5 Rc5 21. Reb1 Rac8 22. a4 Rxb5 23. axb5 a6 24. bxa6 Qxa6 25. Qb2 Rc6 26.
Ra1 Qb7 27. Qb5 Rc5 28. Qe8+ Kg7 29. Ra8 Kh6 30. Rb8 Qc7 31. Qf8+ Qg7 32.
Qxg7+ Kxg7 33. Rb7+ Kh6 34. Rxb6 { Black resigns } 1-0

[Event "ICC tourney 2198 (45 10)"]
[Site "Internet Chess Club"]
[Date "2020.12.12"]
[Round "5"]
[White "Arsalchess"]
[Black "eigenator"]
[Result "0-1"]
[ICCResult "White resigns"]
[WhiteElo "1901"]
[BlackElo "2376"]
[Opening "French: Tarrasch"]
[ECO "C03"]
[NIC "FR.14"]
[Time "21:06:47"]
[PlyCount "40"]
[TimeControl "2700+10"]


1. e4 e6 2. d4 d5 3. Nd2 Be7 4. Bd3 c5 5. Ne2 c4 6. Nxc4 dxc4 7. Bxc4 Nf6
8. Ng3 Nc6 9. c3 O-O 10. e5 Nd7 11. Bd3 h6 12. Bxh6 Ncxe5 13. Bc2 gxh6 14.
dxe5 Nxe5 15. Qh5 Bg5 16. Rd1 Qf6 17. h4 Bf4 18. Ne2 Ng6 19. Qf3 e5 20. g3
Bd2+ { White resigns } 0-1

[Event "ICC tourney 2198 (45 10)"]
[Site "Internet Chess Club"]
[Date "2020.12.12"]
[Round "5"]
[White "GutsyEdge"]
[Black "karuto2006"]
[Result "1/2-1/2"]
[ICCResult "Game drawn by mutual agreement"]
[WhiteElo "2027"]
[BlackElo "1699"]
[Opening "Grünfeld: Stockholm variation"]
[ECO "D80"]
[NIC "GI.03"]
[Time "21:06:32"]
[PlyCount "68"]
[TimeControl "2700+10"]


1. d4 Nf6 2. c4 g6 3. Nc3 d5 4. Bg5 Ne4 5. Bh4 Nxc3 6. bxc3 Bg7 7. e3 O-O
8. cxd5 Qxd5 9. Bxe7 Re8 10. Bh4 c5 11. Nf3 Bg4 12. Be2 Nc6 13. O-O a6 14.
h3 Bf5 15. Nd2 cxd4 16. cxd4 Nxd4 17. exd4 Qxd4 18. Bg4 Bd3 19. Nb3 Qd5 20.
Rc1 h5 21. Bf3 Qf5 22. Nc5 Bxf1 23. Qxf1 g5 24. Bg3 g4 25. Bxb7 Rad8 26.
Bxa6 Rd5 27. Bd3 Qg5 28. h4 Qh6 29. Bc4 Rf5 30. Nb3 Re3 31. Qd1 Rxg3 32.
fxg3 Qe3+ 33. Kh2 Qxg3+ 34. Kg1 Qf2+ { Game drawn by mutual agreement }
1/2-1/2

[Event "ICC tourney 2198 (45 10)"]
[Site "Internet Chess Club"]
[Date "2020.12.12"]
[Round "5"]
[White "pika0008"]
[Black "RagingKnightNC"]
[Result "0-1"]
[ICCResult "White checkmated"]
[WhiteElo "1840"]
[BlackElo "2112"]
[Opening "English opening"]
[ECO "A05"]
[NIC "QP.11"]
[Time "21:07:26"]
[PlyCount "102"]
[TimeControl "2700+10"]


1. Nf3 Nf6 2. c4 g6 3. Nc3 d6 4. e4 e5 5. d4 Nbd7 6. h3 Bg7 7. d5 Nc5 8.
Qc2 a5 9. Be3 b6 10. Bxc5 bxc5 11. Bd3 Nh5 12. g3 O-O 13. O-O-O f5 14. Nd2
Bh6 15. Kb1 Bxd2 16. Qxd2 Qe7 17. a4 Nf6 18. h4 fxe4 19. Nxe4 Nxe4 20. Bxe4
Bg4 21. Rdf1 Bf3 22. Bxf3 Rxf3 23. h5 g5 24. Ka2 h6 25. Re1 Qf6 26. Rh2 Qf5
27. Re3 Kg7 28. Rxf3 Qxf3 29. Qc2 e4 30. Qd2 Rb8 31. Qc3+ Qxc3 32. bxc3 Rf8
33. Kb2 Rf3 34. Kc2 Kf6 35. Kd2 Kf5 36. Rg2 Kg4 37. Rh2 Rd3+ 38. Kc2 Kf3
39. Rh1 Kxf2 40. Rb1 Rxg3 41. Rb8 e3 42. Rf8+ Rf3 43. Re8 g4 44. Rg8 e2 45.
Re8 Re3 46. Rf8+ Kg3 47. Re8 Rxe8 48. Kd2 e1=Q+ 49. Kc2 Re2+ 50. Kb3 Qd2
51. Ka3 Qa2# { White checkmated } 0-1

[Event "ICC tourney 2198 (45 10)"]
[Site "Internet Chess Club"]
[Date "2020.12.12"]
[Round "5"]
[White "jmwgroff"]
[Black "juicysnail"]
[Result "1-0"]
[ICCResult "Black resigns"]
[WhiteElo "1873"]
[BlackElo "2247"]
[Opening "Nimzo-Indian: Sämisch, Keres variation"]
[ECO "E25"]
[NIC "NI.30"]
[Time "21:06:50"]
[PlyCount "89"]
[TimeControl "2700+10"]


1. d4 Nf6 2. c4 e6 3. Nc3 Bb4 4. f3 d5 5. a3 Bxc3+ 6. bxc3 c5 7. cxd5 Nxd5
8. dxc5 Qa5 9. e4 Nf6 10. Be3 Nfd7 11. Qb3 Qc7 12. a4 O-O 13. Qa3 b6 14. a5
bxc5 15. a6 c4 16. Qa5 Nb6 17. Qc5 Nxa6 18. Qxc7 Nxc7 19. Bxb6 axb6 20.
Rxa8 Nxa8 21. Bxc4 Bd7 22. Ne2 Rc8 23. Bd3 e5 24. Kd2 b5 25. Ra1 Nb6 26.
Ra7 Bc6 27. Ng3 g6 28. Nf1 Na4 29. Ne3 Rd8 30. Kc2 Kg7 31. Rc7 Nc5 32. Bxb5
Bxb5 33. Rxc5 Bd3+ 34. Kc1 f6 35. Rd5 Rxd5 36. exd5 Ba6 37. c4 Kf7 38. Kd2
Ke7 39. c5 f5 40. Kc3 h5 41. Nc4 e4 42. fxe4 fxe4 43. Ne3 g5 44. Kd4 Bd3
45. Ke5 { Black resigns } 1-0

[Event "ICC tourney 2198 (45 10)"]
[Site "Internet Chess Club"]
[Date "2020.12.12"]
[Round "5"]
[White "jy2020"]
[Black "mhebden"]
[Result "1/2-1/2"]
[ICCResult "Game drawn by mutual agreement"]
[WhiteElo "2227"]
[BlackElo "2503"]
[Opening "Ruy Lopez: Anderssen variation"]
[ECO "C77"]
[NIC "RL.12"]
[Time "21:06:39"]
[PlyCount "143"]
[TimeControl "2700+10"]


1. e4 e5 2. Nf3 Nc6 3. Bb5 a6 4. Ba4 Nf6 5. d3 d6 6. c3 Be7 7. O-O O-O 8.
Re1 Re8 9. Nbd2 Bf8 10. Nf1 h6 11. h3 b5 12. Bc2 a5 13. d4 Bd7 14. Ng3 a4
15. Nh2 a3 16. b3 exd4 17. cxd4 Nb4 18. Bd2 Nxc2 19. Qxc2 c5 20. dxc5 dxc5
21. Rad1 Qc7 22. f4 c4 23. bxc4 Qxc4 24. Qxc4 bxc4 25. Bc3 Ba4 26. Rc1 Bc5+
27. Kf1 Ra6 28. Nf3 Nd7 29. Nf5 Bf8 30. Bd4 Bc6 31. e5 Bxf3 32. gxf3 Rc6
33. Ne3 Rec8 34. Nd5 g6 35. Re2 h5 36. Rec2 Kh7 37. Ne3 Nb6 38. Bxb6 Rxb6
39. Nxc4 Rb4 40. Ke2 Bh6 41. Nxa3 Rxc2+ 42. Rxc2 Bxf4 43. Nc4 Rb5 44. a4
Rc5 45. a5 Bxe5 46. a6 Bb8 47. Kd3 Ba7 48. Ra2 Rd5+ 49. Ke2 Rd4 50. Na5 Rh4
51. Nc6 Rxh3 52. Kf1 Bc5 53. Kg2 Rh4 54. a7 Bxa7 55. Rxa7 Kg8 56. Ne5 Rf4
57. Kg3 g5 58. Nd3 Rf5 59. Rc7 Rd5 60. Nf2 Kg7 61. Ne4 Rf5 62. Rc5 Kg6 63.
Rxf5 Kxf5 64. Nd6+ Ke6 65. Nc4 Kd5 66. Ne3+ Ke5 67. Nc4+ Kd4 68. Nd6 f6 69.
Nf5+ Kd3 70. f4 Ke4 71. Nd6+ Kd5 72. Nf5 { Game drawn by mutual agreement }
1/2-1/2

[Event "ICC tourney 2198 (45 10)"]
[Site "Internet Chess Club"]
[Date "2020.12.12"]
[Round "5"]
[White "baoduan"]
[Black "awakeflood"]
[Result "0-1"]
[ICCResult "White resigns"]
[WhiteElo "1879"]
[BlackElo "1787"]
[Opening "French: exchange variation"]
[ECO "C01"]
[NIC "FR.01"]
[Time "21:06:33"]
[PlyCount "114"]
[TimeControl "2700+10"]


1. e4 e6 2. d4 d5 3. exd5 exd5 4. Nf3 Bd6 5. c4 c6 6. c5 Bc7 7. Bd3 Ne7 8.
O-O O-O 9. Qc2 Ng6 10. Bg5 f6 11. Bxg6 hxg6 12. Qxg6 fxg5 13. Nxg5 Bf5 14.
Qh5 Qf6 15. Re1 Bg6 16. Qh4 Bf4 17. Nf3 Qxh4 18. Nxh4 Be4 19. f3 Bh7 20. g3
Bg5 21. Kf2 Bxh4 22. gxh4 Bxb1 23. Raxb1 Na6 24. a3 Rf7 25. Re3 Raf8 26.
Rg1 Rf4 27. Ke2 Rxh4 28. Rg2 Rxd4 29. Re7 Rf7 30. Re8+ Kh7 31. Rg3 Rh4 32.
h3 Rh6 33. Ra8 Rg6 34. Rxg6 Kxg6 35. Rxa7 Nxc5 36. b4 Nb3 37. a4 Nd4+ 38.
Ke3 Nxf3 39. a5 Ng5 40. h4 Nf3 41. a6 d4+ 42. Ke2 Ng1+ 43. Kd3 bxa6 44.
Rxa6 Rf6 45. Kxd4 Kh5 46. Kc5 Kxh4 47. Rxc6 Rf5+ 48. Kb6 Ne2 49. Rc4+ Kh3
50. b5 g5 51. Kb7 Nf4 52. Ka6 Rf6+ 53. Kb7 g4 54. Rc6 Rf7+ 55. Rc7 Rxc7+
56. Kxc7 g3 57. Kd6 Nd5 { White resigns } 0-1

[Event "ICC tourney 2198 (45 10)"]
[Site "Internet Chess Club"]
[Date "2020.12.12"]
[Round "5"]
[White "davidluscomb"]
[Black "BigC"]
[Result "1/2-1/2"]
[ICCResult "Game drawn by mutual agreement"]
[WhiteElo "1995"]
[BlackElo "2290"]
[Opening "Sicilian: Nimzovich-Rossolimo attack (with ...g6, without ...d6)"]
[ECO "B31"]
[NIC "SI.31"]
[Time "21:06:41"]
[PlyCount "84"]
[TimeControl "2700+10"]


1. e4 c5 2. Nf3 Nc6 3. Bb5 g6 4. O-O Bg7 5. Nc3 e5 6. d3 Nge7 7. Bc4 O-O 8.
Be3 d6 9. a3 h6 10. b4 cxb4 11. axb4 Nxb4 12. Rxa7 Rxa7 13. Bxa7 Bg4 14.
Qb1 Qa5 15. Be3 Bxf3 16. gxf3 d5 17. Nxd5 Nbxd5 18. exd5 Nxd5 19. Qb5 Qxb5
20. Bxb5 Rc8 21. Bc4 Nxe3 22. fxe3 b5 23. Bb3 Ra8 24. e4 g5 25. Kf2 Bf8 26.
Bd5 Rc8 27. Bb3 Ra8 28. Kg3 Kg7 29. Bd5 Ra7 30. c3 b4 31. cxb4 Bxb4 32. Rb1
Bd2 33. h4 Bf4+ 34. Kg4 gxh4 35. Kxh4 Rc7 36. Bc4 Kg6 37. Rb6+ f6 38. Be6
Bg5+ 39. Kg3 Rc2 40. Bf5+ Kh5 41. Bg4+ Kg6 42. Bf5+ Kh5 { Game drawn by
mutual agreement } 1/2-1/2

[Event "ICC tourney 2198 (45 10)"]
[Site "Internet Chess Club"]
[Date "2020.12.12"]
[Round "5"]
[White "e4f5"]
[Black "Leolix"]
[Result "1-0"]
[ICCResult "Black checkmated"]
[WhiteElo "2253"]
[BlackElo "1947"]
[Opening "Sicilian: Najdorf, Opocensky variation"]
[ECO "B92"]
[NIC "SI.11"]
[Time "21:06:43"]
[PlyCount "91"]
[TimeControl "2700+10"]


1. e4 c5 2. Nf3 d6 3. d4 cxd4 4. Nxd4 Nf6 5. Nc3 a6 6. Be2 e5 7. Nb3 Be7 8.
O-O O-O 9. Kh1 Be6 10. f4 exf4 11. Bxf4 Nc6 12. Qe1 Ne5 13. Rd1 Qc7 14. Qg3
Rad8 15. Nd4 b5 16. Nd5 Bxd5 17. exd5 Ng6 18. Bf3 Rfe8 19. Nc6 Rc8 20. Bd2
Qd7 21. Bc3 Ra8 22. Rfe1 Bf8 23. Bxf6 gxf6 24. h4 Kh8 25. h5 Ne5 26. Qf4
Be7 27. Be4 Qg4 28. Qf5 Qxf5 29. Bxf5 Bf8 30. Re4 Bh6 31. b3 Rg8 32. g4 Rg5
33. Nxe5 fxe5 34. c4 bxc4 35. Rxc4 Rgg8 36. Rc6 Rgd8 37. Re1 Bd2 38. Re4 a5
39. Rec4 Be3 40. Kg2 Bc5 41. Rc7 Kg8 42. g5 Ra7 43. R4xc5 dxc5 44. Rxa7
Rxd5 45. Ra8+ Kg7 46. h6# { Black checkmated } 1-0

[Event "ICC tourney 2198 (45 10)"]
[Site "Internet Chess Club"]
[Date "2020.12.12"]
[Round "5"]
[White "funpawn"]
[Black "pawnpush202044"]
[Result "1-0"]
[ICCResult "Black resigns"]
[WhiteElo "1765"]
[BlackElo "1915"]
[Opening "Sicilian: Najdorf, Byrne (English) attack"]
[ECO "B90"]
[NIC "SI.14"]
[Time "21:06:38"]
[PlyCount "57"]
[TimeControl "2700+10"]


1. e4 c5 2. Nf3 d6 3. d4 cxd4 4. Nxd4 Nf6 5. Nc3 a6 6. Be3 e5 7. Nb3 Be7 8.
h3 Be6 9. f4 exf4 10. Bxf4 Nc6 11. Qe2 O-O 12. O-O-O Qc7 13. g4 Rac8 14. g5
Nd7 15. h4 f6 16. g6 hxg6 17. Bh3 Bxh3 18. Rxh3 Nde5 19. Rdh1 Kh7 20. Nd5
Qd8 21. Qf2 a5 22. Bxe5 fxe5 23. Qg2 Nb4 24. Nxb4 axb4 25. Rg1 Qe8 26. Rg3
Rf6 27. h5 g5 28. Rxg5 Qf7 29. Rxg7+ { Black resigns } 1-0

[Event "ICC tourney 2198 (45 10)"]
[Site "Internet Chess Club"]
[Date "2020.12.12"]
[Round "5"]
[White "yanje03"]
[Black "kavyameiyappan"]
[Result "1-0"]
[ICCResult "Black resigns"]
[WhiteElo "1452"]
[BlackElo "1628"]
[Opening "Sicilian: Najdorf"]
[ECO "B90"]
[NIC "SI.14"]
[Time "21:06:34"]
[PlyCount "68"]
[TimeControl "2700+10"]


1. e4 c5 2. Nf3 d6 3. d4 cxd4 4. Nxd4 Nf6 5. Nc3 a6 6. f3 e6 7. Be3 Be7 8.
Qd2 b5 9. g4 O-O 10. O-O-O b4 11. Nce2 a5 12. h4 d5 13. g5 Nh5 14. e5 a4
15. Kb1 Qc7 16. f4 Nc6 17. Bh3 Nxd4 18. Bxd4 Ba6 19. Bg4 g6 20. Bxh5 gxh5
21. Ng3 Rfb8 22. b3 axb3 23. cxb3 Qa5 24. Rh2 Qa3 25. Nxh5 Bc4 26. Qb2 Qa5
27. Nf6+ Kh8 28. Rg2 Qa3 29. Qc2 Bxf6 30. gxf6 Rg8 31. Rdg1 h6 32. bxc4 b3
33. Rxg8+ Rxg8 34. Rxg8+ Kxg8 { Black resigns } 1-0

[Event "ICC tourney 2198 (45 10)"]
[Site "Internet Chess Club"]
[Date "2020.12.12"]
[Round "5"]
[White "Mrpeetapizza"]
[Black "SupaHotFiya"]
[Result "1/2-1/2"]
[ICCResult "Game drawn by repetition"]
[WhiteElo "1877"]
[BlackElo "1982"]
[Opening "Robatsch defense: Pseudo-Austrian attack"]
[ECO "B06"]
[NIC "KF.05"]
[Time "21:06:36"]
[PlyCount "93"]
[TimeControl "2700+10"]


1. e4 g6 2. d4 Bg7 3. Nc3 d6 4. f4 a6 5. Nf3 b5 6. a4 b4 7. Na2 Bb7 8. Bd3
Nf6 9. e5 Nd5 10. O-O O-O 11. c4 bxc3 12. bxc3 c5 13. Qb3 Qc7 14. Be4 c4
15. Qc2 e6 16. Ba3 Ne3 17. Qe2 Nxf1 18. Bxd6 Qd7 19. Bxf8 Bxf8 20. Rxf1 Bd5
21. Bxd5 Qxd5 22. Nd2 Qa5 23. Nxc4 Qc7 24. Ne3 Nd7 25. Rb1 Nb6 26. Qf3 Rc8
27. Qe2 Nxa4 28. Qxa6 Qd7 29. Ng4 Bg7 30. Rb7 Qe8 31. c4 h5 32. Ne3 Ra8 33.
Qb5 Qd8 34. d5 g5 35. f5 Bxe5 36. fxe6 Bd4 37. exf7+ Kh8 38. Qb1 Bxe3+ 39.
Kh1 Qf8 40. Qd3 Nc5 41. Qc3+ Kh7 42. Qc2+ Kg7 43. Qb2+ Kh7 44. Qc2+ Kg7 45.
Qb2+ Kh7 46. Qc2+ Kg7 47. Qb2+ { Game drawn by repetition } 1/2-1/2

[Event "ICC tourney 2198 (45 10)"]
[Site "Internet Chess Club"]
[Date "2020.12.12"]
[Round "5"]
[White "Luc2008"]
[Black "wangfang75"]
[Result "1-0"]
[ICCResult "Black resigns"]
[WhiteElo "1706"]
[BlackElo "1858"]
[Opening "Evans gambit"]
[ECO "C52"]
[NIC "IG.05"]
[Time "21:06:46"]
[PlyCount "85"]
[TimeControl "2700+10"]


1. e4 e5 2. Nf3 Nc6 3. Bc4 Bc5 4. b4 Bxb4 5. c3 Ba5 6. d4 exd4 7. O-O Nge7
8. Ng5 d5 9. exd5 Ne5 10. Qxd4 f6 11. Re1 Bb6 12. Qf4 N7g6 13. Qg3 O-O 14.
Ba3 Re8 15. Nd2 fxg5 16. Bb3 Ng4 17. d6+ Kh8 18. dxc7 Rxe1+ 19. Rxe1 Qd7
20. Qxg4 Bxf2+ 21. Kxf2 Qxd2+ 22. Qe2 Qf4+ 23. Kg1 Bd7 24. Be6 Qxc7 25. Bf7
Qxc3 26. Bb2 Qc5+ 27. Kh1 Nf4 28. Qe7 Qf2 29. Bxg7+ Kxg7 30. Bh5+ Kh6 31.
Qf6+ Kxh5 32. Qf7+ Kh4 33. g3+ Kg4 34. Qxd7+ Kf3 35. Qxb7+ Kg4 36. Qd7+ Kf3
37. Qd1+ Ne2 38. Rf1 Rc8 39. Qd3+ Kg4 40. Qd7+ Kh5 41. Qh3+ Kg6 42. Rxf2
Rc1+ 43. Rf1 { Black resigns } 1-0

[Event "ICC tourney 2198 (45 10)"]
[Site "Internet Chess Club"]
[Date "2020.12.12"]
[Round "5"]
[White "WonderZ"]
[Black "Natey"]
[Result "1-0"]
[ICCResult "Black checkmated"]
[WhiteElo "2107"]
[BlackElo "1745"]
[Opening "Trompowsky attack (Ruth, Opocenský opening)"]
[ECO "A45"]
[NIC "QP.07"]
[Time "21:06:30"]
[PlyCount "109"]
[TimeControl "2700+10"]


1. d4 Nf6 2. Bg5 g6 3. Bxf6 exf6 4. e3 Bg7 5. g3 O-O 6. Bg2 d5 7. Ne2 c6 8.
Nd2 Nd7 9. O-O Nb6 10. b3 Qc7 11. c4 Bg4 12. h3 Bxe2 13. Qxe2 Rad8 14. Rac1
f5 15. c5 Nd7 16. b4 Nf6 17. b5 Ne4 18. Nb3 Rfe8 19. bxc6 bxc6 20. Qa6 Bh6
21. Bxe4 fxe4 22. Kh2 Re6 23. Na5 Rf6 24. Rb1 Rb8 25. Rxb8+ Qxb8 26. Nb3
Kg7 27. Kg2 Qc7 28. Nd2 Qd7 29. Qe2 Qc7 30. Rb1 Qd7 31. a4 Qc7 32. Qa6 Qd7
33. Rb7 Qc8 34. Rxf7+ Kxf7 35. Qxc8 a5 36. Qc7+ Kg8 37. Qxa5 Bf8 38. Qd8
Rf7 39. a5 Ra7 40. Qb6 Rf7 41. a6 Bxc5 42. Qxc5 Rf8 43. Qxf8+ Kxf8 44. a7
c5 45. a8=Q+ Ke7 46. Qxd5 cxd4 47. Qxe4+ Kf8 48. Qxd4 Kf7 49. Ne4 Kg8 50.
Qd7 h5 51. Nf6+ Kf8 52. Nh7+ Kg8 53. Ng5 h4 54. Qf7+ Kh8 55. Qh7# { Black
checkmated } 1-0

[Event "ICC tourney 2198 (45 10)"]
[Site "Internet Chess Club"]
[Date "2020.12.12"]
[Round "5"]
[White "mopaska1106"]
[Black "loveEdinburgh"]
[Result "1-0"]
[ICCResult "Black resigns"]
[WhiteElo "1918"]
[BlackElo "1828"]
[Opening "QGD Slav: 3.Nf3"]
[ECO "D11"]
[NIC "SL.01"]
[Time "21:06:40"]
[PlyCount "63"]
[TimeControl "2700+10"]


1. d4 d5 2. c4 c6 3. Nf3 Nf6 4. g3 dxc4 5. Bg2 b5 6. O-O Bb7 7. b3 cxb3 8.
Qxb3 e6 9. a4 a6 10. Bb2 Bd6 11. Nbd2 O-O 12. e4 Be7 13. e5 Nd5 14. Ne4 Nd7
15. Rac1 N7b6 16. axb5 cxb5 17. Nc5 Bxc5 18. dxc5 Nc4 19. Ba1 Bc6 20. Nd4
Qd7 21. Rfe1 a5 22. Qd1 a4 23. Qh5 Na5 24. Be4 h6 25. Qf3 Rfb8 26. Red1 b4
27. Nxc6 Qxc6 28. Rxd5 exd5 29. Bxd5 Qa6 30. Qxf7+ Kh8 31. e6 Rg8 32. Qg6 {
Black resigns } 1-0

[Event "ICC tourney 2198 (45 10)"]
[Site "Internet Chess Club"]
[Date "2020.12.12"]
[Round "5"]
[White "Openyagami"]
[Black "TjkTiger"]
[Result "1/2-1/2"]
[ICCResult "Game drawn because neither player has mating material"]
[WhiteElo "2604"]
[BlackElo "2602"]
[Opening "Réti opening"]
[ECO "A04"]
[NIC "QP.10"]
[Time "21:07:26"]
[PlyCount "133"]
[TimeControl "2700+10"]


1. Nf3 c5 2. g3 Nc6 3. Bg2 g6 4. O-O Bg7 5. c4 d6 6. e3 Nh6 7. d4 cxd4 8.
exd4 Bg4 9. d5 Ne5 10. Qa4+ Bd7 11. Qb3 Nxf3+ 12. Bxf3 Nf5 13. Bg2 O-O 14.
Na3 a6 15. Bd2 b5 16. Bc3 Bxc3 17. Qxc3 Qb6 18. Qd2 Rfc8 19. Rac1 Qd4 20.
Qe2 bxc4 21. Rfd1 Qf6 22. Nxc4 Bb5 23. b3 a5 24. Bh3 a4 25. Bxf5 Qxf5 26.
Qxe7 axb3 27. axb3 Ra2 28. Qe3 Bxc4 29. Rxc4 Rb8 30. Rf4 Qh5 31. Rdd4 Qe2
32. Qxe2 Rxe2 33. Rb4 Rxb4 34. Rxb4 Rd2 35. Rb5 Kg7 36. Kf1 Kf6 37. Ke1 Rb2
38. Rb7 h5 39. h4 Ke5 40. Rxf7 Rxb3 41. Rg7 Kf6 42. Rd7 Rb6 43. Ke2 g5 44.
hxg5+ Kxg5 45. Rg7+ Kf6 46. Rh7 Kg6 47. Rd7 Kf5 48. Kf3 Rb3+ 49. Kg2 Ke5
50. Rh7 Kxd5 51. Rxh5+ Ke6 52. Rh6+ Ke7 53. f4 d5 54. f5 d4 55. Re6+ Kf7
56. Rd6 d3 57. g4 Ke7 58. Re6+ Kf7 59. g5 Rb5 60. g6+ Kg7 61. Re7+ Kg8 62.
f6 Rg5+ 63. Kf3 Rxg6 64. Rd7 Rxf6+ 65. Ke3 Rf7 66. Rxf7 Kxf7 67. Kxd3 {
Game drawn because neither player has mating material } 1/2-1/2

[Event "ICC tourney 2198 (45 10)"]
[Site "Internet Chess Club"]
[Date "2020.12.12"]
[Round "5"]
[White "HarleyQueen8"]
[Black "gsmenon"]
[Result "1/2-1/2"]
[ICCResult "Game drawn by mutual agreement"]
[WhiteElo "1867"]
[BlackElo "1920"]
[Opening "QGD: exchange, positional line, 5...c6"]
[ECO "D35"]
[NIC "QO.16"]
[Time "21:07:26"]
[PlyCount "74"]
[TimeControl "2700+10"]


1. d4 d5 2. c4 e6 3. Nc3 Nf6 4. cxd5 exd5 5. Bg5 c6 6. e3 Bd6 7. Bd3 h6 8.
Bh4 O-O 9. Nge2 Re8 10. h3 Na6 11. Bxa6 bxa6 12. Qc2 Qb6 13. O-O Ne4 14.
Nxe4 dxe4 15. Bg3 Bxg3 16. Nxg3 f5 17. Rac1 Bd7 18. b3 Rac8 19. Qc5 g6 20.
Qd6 Be6 21. d5 cxd5 22. Qf4 Kh7 23. Ne2 Bd7 24. Rfd1 Bb5 25. Nc3 Red8 26.
Qe5 Qd6 27. Qxd6 Rxd6 28. Nxb5 Rxc1 29. Rxc1 axb5 30. Rc7+ Kg8 31. Rxa7 d4
32. exd4 Rxd4 33. a4 bxa4 34. bxa4 Rd1+ 35. Kh2 Rd3 36. a5 Ra3 37. a6 f4 {
Game drawn by mutual agreement } 1/2-1/2

[Event "ICC tourney 2198 (45 10)"]
[Site "Internet Chess Club"]
[Date "2020.12.12"]
[Round "5"]
[White "hoshibosh"]
[Black "Mengocat"]
[Result "1-0"]
[ICCResult "Black resigns"]
[WhiteElo "2151"]
[BlackElo "1969"]
[Opening "Ruy Lopez: modern Steinitz defense"]
[ECO "C75"]
[NIC "RL.11"]
[Time "21:06:37"]
[PlyCount "61"]
[TimeControl "2700+10"]


1. e4 e5 2. Nf3 Nc6 3. Bb5 a6 4. Ba4 d6 5. c3 Bd7 6. O-O g6 7. d3 Bg7 8.
Nbd2 Nge7 9. h3 O-O 10. Bc2 h6 11. b4 f5 12. Bb2 Kh8 13. a4 f4 14. b5 Nb8
15. d4 axb5 16. axb5 Rxa1 17. Qxa1 Bxb5 18. c4 Bc6 19. dxe5 dxe5 20. Bxe5
Bxe5 21. Nxe5 Kh7 22. Rd1 Qc8 23. Ng4 Qe6 24. c5 Bb5 25. Bb3 Qa6 26. Qe5
Ng8 27. Qxc7+ Kh8 28. Nf3 Qc6 29. Qe5+ Kh7 30. Rd6 Qe8 31. Bxg8+ { Black
resigns } 1-0

[Event "ICC tourney 2198 (45 10)"]
[Site "Internet Chess Club"]
[Date "2020.12.12"]
[Round "5"]
[White "marble"]
[Black "saisneha"]
[Result "1-0"]
[ICCResult "Black resigns"]
[WhiteElo "2537"]
[BlackElo "1883"]
[Opening "Ruy Lopez: closed, Flohr-Zaitsev system (Lenzerheide variation)"]
[ECO "C92"]
[NIC "RL.26"]
[Time "21:06:51"]
[PlyCount "77"]
[TimeControl "2700+10"]


1. e4 e5 2. Nf3 Nc6 3. Bb5 a6 4. Ba4 Nf6 5. O-O Be7 6. Re1 b5 7. Bb3 d6 8.
c3 O-O 9. h3 Bb7 10. d4 Re8 11. Nbd2 Bf8 12. a3 g6 13. Ba2 Bg7 14. b4 Qd7
15. Bb2 Nh5 16. Nb3 Rad8 17. Qc2 Nf4 18. Bc1 Bh6 19. Kh2 Bc8 20. Ng1 g5 21.
Bxf4 exf4 22. Rad1 g4 23. Bb1 gxh3 24. e5 f6 25. e6 Qg7 26. gxh3 Ne7 27.
Nf3 Bg5 28. d5 Ng6 29. Nbd4 Ne5 30. Rg1 Nxf3+ 31. Nxf3 Re7 32. Nd4 Ree8 33.
Qe2 Kh8 34. Nf5 Qf8 35. e7 Rxe7 36. Qxe7 Bxf5 37. Qxf8+ Rxf8 38. Bxf5 Re8
39. Rde1 { Black resigns } 1-0

[Event "ICC tourney 2198 (45 10)"]
[Site "Internet Chess Club"]
[Date "2020.12.12"]
[Round "5"]
[White "nikhilthota"]
[Black "Spinninja"]
[Result "1/2-1/2"]
[ICCResult "Game drawn by mutual agreement"]
[WhiteElo "1800"]
[BlackElo "2107"]
[Opening "Grünfeld: modern exchange variation"]
[ECO "D90"]
[NIC "GI.07"]
[Time "21:06:33"]
[PlyCount "121"]
[TimeControl "2700+10"]


1. Nf3 Nf6 2. d4 g6 3. c4 Bg7 4. Nc3 d5 5. cxd5 Nxd5 6. e4 Nxc3 7. bxc3 O-O
8. Bc4 c5 9. O-O cxd4 10. cxd4 Nc6 11. Bb2 Bg4 12. e5 Bxf3 13. Qxf3 Nxd4
14. Qe4 Nc6 15. Rab1 Qc7 16. Rfe1 Rfd8 17. f4 e6 18. Rec1 Qb6+ 19. Kh1 Qf2
20. Rc2 Rd2 21. Rxd2 Qxd2 22. g3 Rd8 23. Qe1 Qd7 24. Bb3 Bf8 25. Rd1 Qc7
26. Rc1 Qb6 27. Qg1 Qb4 28. Qe1 Qb5 29. Qf1 Qb6 30. Qg1 Qa5 31. Bc3 Bb4 32.
Qe1 Bxc3 33. Qxc3 Qa3 34. Qc5 Qb2 35. Qc2 Rd2 36. Qxb2 Rxb2 37. Rc2 Rb1+
38. Kg2 Kf8 39. Bc4 Ke7 40. Kf2 Kd7 41. Bd3 Rb4 42. Rd2 Kc7 43. Ke3 a5 44.
Be2 a4 45. Rc2 Kb6 46. Bd3 Ne7 47. Be4 Rb5 48. Rc4 a3 49. Ra4 Nc6 50. Bxc6
bxc6 51. Rxa3 Kb7 52. Rb3 Rxb3+ 53. axb3 Kb6 54. Kd4 Kb5 55. Kc3 Kc5 56.
b4+ Kb5 57. Kb3 c5 58. bxc5 Kxc5 59. Kc3 Kd5 60. Kd3 h6 61. h4 { Game drawn
by mutual agreement } 1/2-1/2